 Dungeon Crawl Stone Soup version 0.21-a0-513-gdcb3f5e (webtiles) character file.

1699 Hafrunt the Geomancer (level 9, -1/49 HPs)
             Began as a Gargoyle Earth Elementalist on Dec 1, 2017.
             Was an Initiate of Vehumet.
             Slain by an orc warrior
             ... wielding a +0 mace
              (2 damage)
             ... on level 6 of the Dungeon.
             The game lasted 00:26:34 (5842 turns).

Hafrunt the Geomancer (Gargoyle Earth Elementalist) Turns: 5842, Time: 00:26:35

Health: -1/49      AC: 12    Str: 12    XL:     9   Next: 3%
Magic:  12/25      EV: 12    Int: 19    God:    Vehumet [......]
Gold:   297        SH:  7    Dex: 14    Spells: 8/17 levels left

rFire    . . .     SeeInvis .   a - +1 flail
rCold    + . .     Gourm    .   f - +2 buckler
rNeg     + . .     Faith    .   h - +0 robe (curse)
rPois    ∞         Spirit   .   p - +0 helmet
rElec    +         Reflect  .   m - +0 cloak
rCorr    .         Harm     .   (no gloves)
MR       .....                  r - +1 pair of boots
Stlth    ++........             k - amulet of magic regeneration
HPRegen  0.16/turn              s - ring of magical power
MPRegen  0.44/turn              o - ring "Vuirch" {rC+ Dex+4}

@: no status effects
A: negative energy resistance 1, electricity resistance, unbreathing,
petrification resistance, rot immunity, AC +6
a: Renounce Religion


You were on level 6 of the Dungeon.
You worshipped Vehumet.
Vehumet was noncommittal.
You were not hungry.

You visited 2 branches of the dungeon, and saw 7 of its levels.

You collected 297 gold pieces.

Inventory:

Hand Weapons
 a - a +1 flail (weapon)
 b - a +0 hunting sling
Missiles
 j - 27 sling bullets
 v - 13 stones (quivered)
Armour
 f - a +2 buckler (worn)
 h - a cursed +0 robe (worn)
 m - a +0 cloak (worn)
 p - a +0 helmet (worn)
 r - a +1 pair of boots (worn)
 B - a +0 pair of gloves
Jewellery
 k - an amulet of magic regeneration (around neck)
 o - the ring "Vuirch" (right hand) {rC+ Dex+4}
   (You found it on level 5 of the Dungeon)

   [ring of dexterity]

   It affects your dexterity (+4).
   It protects you from cold.
 s - a ring of magical power (left hand)
Wands
 t - a wand of polymorph (13)
 w - a wand of flame (26)
 A - a wand of random effects (21)
Scrolls
 g - a scroll of amnesia
 q - 7 scrolls of identify
 x - 2 scrolls of teleportation
 y - 2 scrolls of enchant weapon
Potions
 c - 2 potions of brilliance {unknown}
 i - a potion of might {unknown}
 l - 2 potions of flight {unknown}
 u - 3 potions of lignification {unknown}
Books
 e - a book of Geomancy

   Spells                             Type                      Level
   a - Sandblast                      Earth                        1
   b - Passwall                       Transmutation/Earth          2
   c - Stone Arrow                    Conjuration/Earth            3
   d - Petrify                        Transmutation/Earth          4
   e - Lee's Rapid Deconstruction     Earth                        5
Comestibles
 d - 2 bread rations
 n - a royal jelly
 z - 2 meat rations
 C - 3 chunks of flesh


   Skills:
 + Level 2.9 Fighting
 + Level 2.8 Maces & Flails
 - Level 1.5 Dodging
 - Level 2.1 Stealth
 - Level 4.2 Shields
 + Level 4.8 Spellcasting
 + Level 4.3 Conjurations
   Level 0.7 Transmutations
 + Level 8.3 Earth Magic
 + Level 2.3 Evocations


You had 8 spell levels left.
You knew the following spells:

 Your Spells              Type           Power        Failure   Level  Hunger
a - Sandblast             Erth           #####.       1%          1    None
b - Stone Arrow           Conj/Erth      ####..       2%          3    ##.....
c - Lee's Rapid Deconstr  Erth           #####.....   12%         5    ######.


Dungeon Overview and Level Annotations

Branches:
Dungeon (6/15)             Temple (1/1) D:5

Altars:
Ashenzari
Cheibriados
Dithmenos
Elyvilon
Fedhas
Gozag
Hepliaklqana
Kikubaaqudgha
Makhleb
Nemelex Xobeh
Okawaru
Sif Muna
Trog
Uskayaw
Vehumet
Wu Jian
Yredelemnul
Zin
The Shining One

Annotations:
D:6 poodlewalker's ghost, novice DsGl


Innate Abilities, Weirdness & Mutations

You are resistant to torment.
Your stone body is resilient. (AC +6)
You are immune to poison.
You resist negative energy. (rN+)
You are resistant to electric shocks. (rElec)
You can survive without breathing.
You are immune to petrification.
You are immune to rotting.


Message History

The orc warrior hits you with a mace!
* * * LOW HITPOINT WARNING * * *
Casting: Sandblast
Confirm with . or Enter, or press ? or * to list all spells.
Aiming: Sandblast
Press: ? - help, Shift-Dir - straight line, f/p - orc warrior
Aim: an orc warrior, wielding a mace and wearing a chain mail (almost dead, unusually agile)
The blast of sand misses the orc warrior.
v - 14 stones The orc warrior hits you with a mace!
* * * LOW HITPOINT WARNING * * *
Casting: Sandblast
Confirm with . or Enter, or press ? or * to list all spells.
Aiming: Sandblast
Press: ? - help, Shift-Dir - straight line, f/p - orc warrior
Aim: an orc warrior, wielding a mace and wearing a chain mail (almost dead, unusually agile)
The blast of sand misses the orc warrior.
v - 13 stones The orc warrior hits you with a mace.
You die...

..#.########.....^...# #...#
#.#.##.##............# #...#
..........##.#..#..#.####...#####
#.##.>....#......................
#.#..........#.......[...........
. ##......##.#...#...............
# #...............[.####...#####
###.#########o##### #...# # ###
#@# #)..# # #.# #...# # ####.####
##...##### #.......# #.[.....#
####.###.##.##.# #.#.###.#
............## ####.#.###.#
.###.###.##............##.#
#.##.##.........##.##
#.##.##....#.##......


You could see an orc warrior.

Vanquished Creatures
  Grinder (D:6)
  The ghost of Pyramid the Shooter, an amateur GnWn (D:4)
  A black bear (D:6)
  A phantom (D:6)
  A sky beast (D:6)
  The ghost of poodlewalker the Covered, an amateur MiFi of Lugonu (D:3)
  3 ogres
  A centaur (D:5)
  2 bullfrogs (D:6)
  A crimson imp (D:5)
  A hound (D:4)
  A jelly (D:6)
  3 orc wizards
  A centaur skeleton (D:4)
  An iguana (D:6)
  4 worker ants
  Robin (D:2)
  8 adders
  An adder skeleton (D:6)
  5 worms
  2 dart slugs
  6 leopard geckos
  12 orcs
  6 bats
  5 giant cockroaches
  16 goblins
  10 hobgoblins
  2 jackals (D:1)
  10 kobolds
  2 quokkas
  3 ball pythons
  3 frilled lizards
  A jackal skeleton (D:4)
  6 rats
123 creatures vanquished.

Notes
Turn   | Place    | Note
-------+----------+-------------------------------------------
     0 | D:1      | Hafrunt the Gargoyle Earth Elementalist began the quest for the Orb.
     0 | D:1      | Reached XP level 1. HP: 10/10 MP: 3/3
   180 | D:1      | Reached XP level 2. HP: 5/15 MP: 0/5
   482 | D:1      | Reached skill level 4 in Earth Magic
   978 | D:2      | Noticed an ogre
   994 | D:2      | Killed an ogre
   994 | D:2      | Reached skill level 5 in Earth Magic
   994 | D:2      | Reached XP level 3. HP: 19/19 MP: 4/7
   994 | D:2      | Reached XP level 4. HP: 24/24 MP: 4/8
  1094 | D:2      | Found a shadowy altar of Dithmenos.
  1129 | D:2      | Reached XP level 5. HP: 28/28 MP: 6/9
  1142 | D:2      | Noticed Robin
  1147 | D:2      | Killed Robin
  1348 | D:2      | Learned a level 3 spell: Stone Arrow
  1637 | D:2      | Found a hide-covered altar of Uskayaw.
  1641 | D:2      | Found a glowing golden altar of the Shining One.
  1643 | D:2      | Found a shadowy altar of Dithmenos.
  2219 | D:3      | Noticed poodlewalker's ghost (amateur MiFi)
  2437 | D:3      | Reached XP level 6. HP: 32/32 MP: 10/10
  2560 | D:3      | Killed poodlewalker's ghost
  2560 | D:3      | Reached skill level 1 in Conjurations
  2560 | D:3      | Reached skill level 6 in Earth Magic
  2763 | D:3      | Learned a level 5 spell: Lee's Rapid Deconstruction
  3173 | D:4      | Noticed Pyramid's ghost (amateur GnWn)
  3229 | D:4      | Learned a level 1 spell: Sandblast
  3799 | D:4      | Reached XP level 7. HP: 22/36 MP: 9/12
  3826 | D:4      | Killed Pyramid's ghost
  3987 | D:4      | Reached skill level 7 in Earth Magic
  4355 | D:5      | Entered Level 5 of the Dungeon
  4558 | D:5      | Found a staircase to the Ecumenical Temple.
  4571 | Temple   | Entered the Ecumenical Temple
  4667 | Temple   | Became a worshipper of Vehumet
  4716 | D:5      | Reached XP level 8. HP: 41/42 MP: 11/14
  4772 | D:5      | Got a sparkling turquoise ring
  4773 | D:5      | Identified the ring "Vuirch" {rC+ Dex+4} (You found it on level 5 of the Dungeon)
  5101 | D:6      | Reached skill level 1 in Fighting
  5101 | D:6      | Reached skill level 1 in Maces & Flails
  5118 | D:6      | Reached skill level 1 in Evocations
  5317 | D:6      | Reached skill level 8 in Earth Magic
  5354 | D:6      | Noticed poodlewalker's ghost (novice DsGl)
  5556 | D:6      | Noticed Grinder
  5564 | D:6      | Killed Grinder
  5641 | D:6      | Reached XP level 9. HP: 49/49 MP: 16/16
  5841 | D:6      | HP: 1/49 [orc warrior/mace (11)]
  5842 | D:6      | Slain by an orc warrior

Vault maps used:
D:1:      minmay_arrival_nine_rooms, serial_park_tiny_2
D:2:      minitemple, nicolae_dithmenos_through_a_glass_darkly, uniq_robin
D:4:      kennysheep_small_spiral
D:5:      temple_pool_b, first_bread
D:6:      uniq_grinder
Temple:   lightli_temple_of_artemis

Skill      XL: |  1  2  3  4  5  6  7  8 |
---------------+-------------------------+-----
Earth Magic    | 5 6 7 8 |  8.3
Shields        | 2 3 4 |  4.2
Spellcasting   | 3 4 |  4.8
Conjurations   | 1 2 4 |  4.3
Fighting       | 2 |  2.9
Maces & Flails | 2 |  2.8
Evocations     | 2 |  2.3
Dodging        | |  1.5
Stealth        | |  2.1
Transmutations | |  0.7

Action                   |  1- 3 |  4- 6 |  7- 9 || total
-------------------------+-------+-------+-------++-------
Melee: Unarmed           |    19 |       |       ||    19
       Mace              |       |    27 |       ||    27
       Flail             |       |     9 |    27 ||    36
       Whip              |       |     9 |       ||     9
 Cast: Sandblast         |    28 |    71 |    50 ||   149
       Stone Arrow       |       |    55 |    45 ||   100
       Lee's Rapid Decon |       |       |     2 ||     2
  Use: Scroll            |       |    10 |     1 ||    11
       Potion            |       |       |     1 ||     1
 Stab: Invisible         |       |       |     1 ||     1
  Eat: Chunk             |     1 |    12 |     5 ||    18
       Royal jelly       |       |     1 |     1 ||     2
       Bread ration      |       |       |     1 ||     1
Armor: Robe              |    11 |    37 |    26 ||    74
Dodge: Dodged            |    10 |    64 |    29 ||   103
Block: Buckler           |     4 |    32 |    10 ||    46

Table legend:
 A = Spawn XP
 B = Non-spawn XP
 C = Spawn XP percentage of total XP
 D = Spawn monster count
 E = Non-spawn monster count
 F = Spawn count percentage of total count
 G = Total turns spent on level
                    A         B        C        D         E        F      G
               +---------+---------+-------+---------+---------+-------+---------
         Total |       0 |    2428 |   0.0 |       0 |     123 |   0.0 |  5842
               +---------+---------+-------+---------+---------+-------+---------
           D:1 |       0 |      22 |   0.0 |       0 |      14 |   0.0 |   917
           D:2 |       0 |     217 |   0.0 |       0 |      34 |   0.0 |  1074
           D:3 |       0 |     233 |   0.0 |       0 |      32 |   0.0 |  1227
           D:4 |       0 |     533 |   0.0 |       0 |      19 |   0.0 |  1137
           D:5 |       0 |     196 |   0.0 |       0 |       3 |   0.0 |   771
           D:6 |       0 |    1227 |   0.0 |       0 |      21 |   0.0 |   604
               +---------+---------+-------+---------+---------+-------+---------
